Map: [ESL] Moondance

Players

DPGDark (Dark)

  • Race: Zerg Zerg
  • League: Master
  • Spawn Location: 6:00

Maru - Winner!

  • Race: Terran Terran
  • League: Master
  • Spawn Location: 12:00

VOD

Have the link to the VOD?

Description

Time

  • Played on: Nov. 6, 2022, 8:36 a.m.
  • Length: 9:58
Show
View Real Time Build Order
Export as new Build Order

DPGDark Zerg 

Build Orders: Hatch First 

Get SALT Encoding   

  12  0:00  Drone  
  13  0:11  Overlord  
  13  0:16  Drone  
  14  0:30  Drone x2  
  16  0:47  Hatchery  
  15  0:50  Drone  
  15  0:54  Drone  
  17  0:57  Drone  
  18  1:07  Extractor  
  17  1:12  Spawning Pool  
  17  1:15  Drone  
  17  1:19  Drone  
  18  1:27  Drone  
  19  1:45  Drone  
  20  1:52  Drone  
  21  1:59  Queen x2  
  21  2:00  Zergling x4  
  27  2:08  Metabolic Boost  
  27  2:10  Zergling x2  
  27  2:11  Overlord  
  28  2:32  Drone x4, Extractor  
  32  2:47  Hatchery  
  31  2:51  Zergling x4  
  31  2:56  Queen  
  35  3:00  Overlord  
  35  3:09  Zergling x2  
  35  3:20  Zergling x2  
  35  3:21  Drone  
  35  3:22  Drone x6  
  43  3:29  Overlord  
  43  3:43  Overlord  
  43  3:45  Overlord  
  42  3:50  Drone  
  42  3:52  Overlord  
  42  3:55  Overlord  
  43  3:58  Queen  
  43  3:59  Queen  
  43  4:00  Overlord  
  47  4:04  Drone  
  47  4:08  Drone x3  
  51  4:15  Drone x3  
  54  4:21  Queen, Extractor  
  54  4:23  Drone  
  56  4:24  Drone  
  56  4:29  Drone x2  
  56  4:31  Drone  
  60  4:33  Zergling x2  
  60  4:34  Zergling x2  
  60  4:38  Zergling x6  
  65  4:41  Drone x2  
  65  4:49  Zergling x2  
  65  4:50  Zergling x4  
  66  4:53  Drone  
  66  4:57  Drone, Evolution Chamber  
  66  4:58  Drone x3  
  69  5:01  Baneling Nest  
  69  5:03  Zergling x8  
  69  5:04  Extractor  
  69  5:07  Zergling x2  
  73  5:10  Overlord  
  73  5:13  Zergling x2  
  74  5:16  Zergling x2  
  74  5:17  Lair  
  75  5:27  Zergling x12  
  81  5:31  Spore Crawler  
  80  5:37  Drone x4  
  78  5:43  Spore Crawler x2, Zergling x2  
  78  5:44  Zergling x8  
  81  5:52  Zergling x4  
  83  5:58  Baneling x14  
  83  5:59  Zergling x8, Baneling  
  83  6:02  Zergling x4  
  83  6:04  Zergling x2  
  90  6:07  Baneling  
  90  6:08  Baneling x3  
  90  6:09  Zergling x4  
  92  6:15  Overseer  
  78  6:25  Zergling x2  
  78  6:26  Zergling x6  
  78  6:27  Drone  
  78  6:31  Zergling x2  
  78  6:32  Zergling x16  
  85  6:34  Drone  
  85  6:38  Zergling x2  
  85  6:39  Drone  
  85  6:42  Zergling x2  
  85  6:44  Centrifugal Hooks  
  85  6:48  Drone  
  85  6:49  Evolution Chamber  
  85  6:50  Drone x2, Evolution Chamber  
  85  6:51  Drone  
  85  6:54  Drone  
  85  6:59  Drone x2  
  85  7:00  Drone x2  
  86  7:01  Drone x2  
  86  7:07  Drone x3  
  88  7:13  Extractor  
  88  7:14  Drone x2, Extractor  
  84  7:17  Drone  
  84  7:19  Zerg Ground Armor Level 1, Zerg Melee Weapons Level 1  
  84  7:21  Drone x3  
  82  7:30  Drone x2  
  82  7:32  Drone  
  82  7:33  Drone x3  
  82  7:36  Hatchery  
  83  7:48  Zergling x2  
  83  7:49  Zergling x12, Overlord  
  83  7:50  Overseer  
  90  8:00  Hatchery  
  90  8:01  Overlord  
  89  8:07  Drone x2  
  89  8:08  Drone x5  
  89  8:09  Drone x2  
  98  8:16  Hydralisk Den  
  98  8:18  Infestation Pit  
  98  8:19  Drone  
  97  8:20  Zergling x8  
  97  8:23  Zergling x2  
  97  8:26  Drone  
  103  8:27  Zergling x2  
  103  8:28  Zergling x4  
  103  8:32  Baneling x4  
  103  8:33  Baneling x3  
  106  8:35  Overlord  
  106  8:40  Overlord  
  106  8:45  Baneling x2  
  106  8:46  Overlord  
  106  8:49  Baneling  
  106  8:54  Zergling x26  
  107  8:56  Zergling x4  
  107  9:02  Zergling x2  
  106  9:05  Zergling x6  
  103  9:10  Zergling x2  
  103  9:16  Baneling x11  
  100  9:17  Zergling x12  
  100  9:20  Zergling x4  
  108  9:24  Hatchery  
  108  9:27  Zergling x4  
  108  9:30  Zergling x2  
  108  9:31  Zergling x2  
  103  9:40  Zergling x8  
Show
View Real Time Build Order
Export as new Build Order

Maru Terran - Winner!

Build Orders:  

Get SALT Encoding   

  12  0:00  SCV  
  13  0:12  SCV  
  14  0:17  Supply Depot  
  14  0:24  SCV  
  15  0:39  SCV  
  15  0:40  Barracks  
  16  0:43  Refinery  
  16  0:51  SCV  
  17  0:58  Barracks  
  17  1:03  SCV  
  18  1:15  SCV  
  19  1:26  Reaper  
  19  1:27  Orbital Command  
  20  1:37  Supply Depot  
  20  1:45  Reaper  
  21  1:52  SCV  
  22  2:02  Reaper  
  22  2:04  SCV  
  24  2:10  Command Center  
  24  2:16  SCV  
  24  2:18  Refinery  
  24  2:21  Marine  
  26  2:29  SCV  
  27  2:40  Marine x2  
  27  2:41  SCV  
  30  2:45  Factory  
  30  2:53  SCV  
  31  3:09  Supply Depot  
  31  3:10  Barracks Reactor  
  31  3:22  SCV  
  31  3:23  Orbital Command  
  32  3:31  Factory Tech Lab  
  32  3:32  Barracks Tech Lab, Starport  
  32  3:34  SCV  
  30  3:42  Marine x2  
  30  3:46  SCV  
  33  3:54  Command Center  
  33  3:57  SCV  
  33  3:58  SCV  
  33  4:01  Barracks Reactor, Barracks Tech Lab  
  35  4:09  SCV  
  36  4:10  SCV  
  36  4:13  Banshee, Cloaking Field  
  40  4:19  Marine  
  40  4:22  SCV x2  
  40  4:23  Barracks  
  43  4:28  Refinery, Factory Reactor  
  43  4:29  Supply Depot  
  43  4:34  SCV x2  
  43  4:37  Marine  
  43  4:38  Marine  
  47  4:44  Barracks Tech Lab  
  47  4:46  SCV  
  47  4:51  SCV  
  48  4:55  Marine  
  48  4:56  Marine  
  48  4:57  Engineering Bay, Banshee  
  48  4:58  Engineering Bay, SCV  
  53  5:04  SCV, Marine  
  55  5:08  Orbital Command  
  55  5:10  SCV  
  56  5:16  SCV  
  56  5:22  SCV  
  56  5:26  Terran Infantry Armor Level 1, Terran Infantry Weapons Level 1, Factory Reactor  
  56  5:28  SCV  
  58  5:31  Marine x3  
  58  5:34  SCV  
  62  5:38  Marine  
  62  5:39  SCV  
  62  5:42  Supply Depot, Barracks Tech Lab  
  64  5:44  SCV  
  64  5:46  SCV  
  64  5:49  Marine x2  
  68  5:55  SCV  
  69  5:58  Barracks  
  69  5:59  SCV  
  69  6:01  Barracks, SCV  
  69  6:03  Supply Depot  
  71  6:07  SCV  
  71  6:10  Medivac x2  
  76  6:11  SCV  
  76  6:13  SCV  
  76  6:16  Marine x2  
  80  6:23  SCV x2  
  80  6:25  Marine x2  
  68  6:26  SCV  
  57  6:34  Marine  
  57  6:35  SCV  
  57  6:36  SCV  
  57  6:37  Siege Tank  
  57  6:38  SCV  
  59  6:42  Marine  
  59  6:44  Barracks Tech Lab  
  59  6:45  Barracks Tech Lab  
  59  6:47  SCV  
  59  6:48  SCV  
  59  6:50  SCV  
  59  6:52  Marine  
  62  6:59  SCV  
  62  7:00  Barracks Reactor x2, SCV, Marine  
  65  7:02  SCV  
  65  7:03  Combat Shield  
  65  7:04  Stimpack  
  65  7:05  Marine x2  
  67  7:10  Marine  
  67  7:11  SCV  
  67  7:12  SCV  
  67  7:14  SCV  
  67  7:18  Marine  
  65  7:22  Marine  
  65  7:23  SCV, Marine  
  65  7:24  SCV  
  65  7:25  Supply Depot  
  65  7:27  SCV, Medivac  
  70  7:30  Marine  
  70  7:35  SCV  
  70  7:36  SCV, Marine  
  70  7:37  Supply Depot, Marine x3  
  74  7:39  SCV  
  78  7:47  SCV, Marine  
  78  7:48  SCV, Marine  
  78  7:50  Marine x2  
  78  7:51  SCV  
  85  7:55  Supply Depot, Marine  
  85  7:56  Marine x3  
  89  7:59  SCV  
  89  8:00  SCV  
  89  8:01  Siege Tank  
  89  8:03  SCV  
  89  8:05  Marine x2  
  95  8:08  Medivac, Marine x2  
  101  8:16  Supply Depot  
  101  8:17  Supply Depot, SCV  
  101  8:18  Armory, Marine  
  101  8:19  Marine x2  
  104  8:20  Marine  
  106  8:29  Marine x3  
  106  8:34  Supply Depot  
  109  8:37  Siege Tank, Marine x5  
  117  8:41  Supply Depot, SCV  
  117  8:42  SCV  
  117  8:45  Medivac x2  
  117  8:46  Marine  
  117  8:47  Marine  
  125  8:52  Marine  
  125  8:55  Marine x5  
  118  9:04  Marine  
  118  9:06  Marine  
  113  9:10  Marine  
  113  9:11  Command Center  
  113  9:13  Marine x5  
  119  9:23  SCV x3  
  122  9:24  Refinery  
  122  9:25  Refinery  
  122  9:27  Marine x2  
  124  9:32  Marine  
  124  9:34  Marine x3  
  120  9:39  Marine  
Tags
 
Add a new tag
Caveats
  • Supply blocks, unpowered buildings, or Contaminate may cause inaccurate times.
  • Supply counts are checked every 10 seconds.